 Dungeon Crawl Stone Soup version 0.17-a0-819-gf98af59 (webtiles) character file.

1983 tizzy the Cleaver (level 9, -20/61 HPs)
             Began as a Demonspawn Gladiator on Apr 26, 2015.
             Was a Follower of Makhleb.
             Demolished by an orc warrior
             ... wielding a +2 glaive of pain
              (29 damage)
             ... on level 5 of the Dungeon.
             The game lasted 00:17:07 (6831 turns).

tizzy the Cleaver (Demonspawn Gladiator)            Turns: 6831, Time: 00:17:07

Health: -20/61     AC:  9    Str: 21    XL:     9   Next: 1%
Magic:  9/9        EV: 11    Int: 17    God:    Makhleb [*.....]
Gold:   239        SH:  0    Dex: 14    Spells: 0 memorised, 8 levels left

rFire  . . .     SeeInvis +     a - +1 war axe
rCold  + . .     Clarity  .     b - +0 leather armour
rNeg   . . .     SustAb   .     (no shield)
rPois  .         Gourm    .     (helmet restricted)
rElec  .         Spirit   .     f - +0 cloak
rCorr  .         Warding  .     (no gloves)
rMut   .         Stasis   .     m - +1 pair of boots
MR     .....                    (no amulet)
Stlth  ++........               y - ring of stealth
                                A - ring of see invisible

@: mighty, brilliant, hasted, very quick, not resistant to hostile enchantments,
unstealthy
A: antennae 2, molten scales 2, blink 1, cold resistance 1, demonic guardian 2,
high mp 1, MP-powered wands
a: Blink, Renounce Religion


You were on level 5 of the Dungeon.
You worshipped Makhleb.
Makhleb was aware of your devotion.
You were very hungry.

You visited 2 branches of the dungeon, and saw 7 of its levels.

You collected 261 gold pieces.
You spent 22 gold pieces at shops.

Inventory:

Hand weapons
 a - a +1 war axe (weapon)
Missiles
 p - 7 tomahawks (quivered)
Armour
 b - a +0 leather armour (worn)
 f - a +0 cloak (worn)
 m - a +1 pair of boots (worn)
Jewellery
 g - an uncursed amulet of stasis {unknown}
 y - a ring of stealth (right hand)
 A - a ring of see invisible (left hand)
Magical devices
 e - a wand of flame (8)
 u - a wand of digging (21)
Scrolls
 k - a scroll of enchant armour
 o - a scroll of remove curse
 q - 2 scrolls of recharging
 r - a scroll of identify
 s - a scroll of amnesia
 w - 3 scrolls of enchant weapon
 F - 2 scrolls of teleportation
Potions
 n - a potion of resistance {unknown}
 C - a potion of might
Books
 c - a book of Beasts

   Spells                             Type                      Level
   a - Summon Butterflies             Summoning                    1
   b - Call Canine Familiar           Summoning                    3
   c - Summon Ice Beast               Ice/Summoning                4
   d - Summon Mana Viper              Hexes/Summoning              5
   e - Monstrous Menagerie            Summoning                    6
   f - Summon Hydra                   Summoning                    7
Comestibles
 h - 2 meat rations
 i - a royal jelly
 l - 2 beef jerkies
 x - 2 fruits
 z - 5 bread rations


   Skills:
 - Level 2.0 Fighting
 * Level 11.0 Axes
 - Level 1.7 Throwing
 - Level 2.6 Dodging


You had 8 spell levels left.
You didn't know any spells.

Dungeon Overview and Level Annotations

Branches:
Dungeon (6/15)             Temple (1/1) D:5

Altars:
Dithmenos
Elyvilon
Fedhas
Gozag
Kikubaaqudgha
Makhleb
Nemelex Xobeh
Okawaru
Qazlal
Ru
Sif Muna
Trog
Vehumet
Xom
Yredelemnul
Zin
The Shining One

Shops:
D:5 [=

Annotations:
D:6 1 runed door


Innate Abilities, Weirdness & Mutations

You have a pair of antennae on your head.
You are mostly covered in molten scales (AC +3, EV -1).
Your flesh is cold resistant.
A demonic guardian rushes to your aid.
You can translocate small distances at will.
You have an increased reservoir of magic (+10% MP).
You expend magic power (3 MP) to strengthen your wands.


Message History

You writhe in agony.
* * * LOW HITPOINT WARNING * * *
Unknown command.
Drink which item? (? for menu, Esc to quit)
You feel better. The orc warrior barely misses you.
Throwing (i - inventory. (,) - cycle):
d - a throwing net (quivered)
Press: ? - help, Shift-Dir - straight line, f - orc warrior
Aim: an orc warrior, wielding a glaive of pain and wearing a chain mail (moderately wounded)
You throw a throwing net.
The throwing net closely misses the orc warrior.
The orc warrior closely misses you.
Read which item? (? for menu, Esc to quit)
Okay, then.
Drink which item? (? for menu, Esc to quit)
It was a potion of brilliance.
You feel clever all of a sudden.
Drink which item? (? for menu, Esc to quit)
It was a potion of haste.
You feel yourself speed up.
The orc warrior hits you with a glaive of pain!!
You die...

#...................##.#
##...................#..
##.....##..............
#############.........
######.......#.
######............#.
#....#.#####.....##.
#...........(......)
#..@o#########...###
####†..# ##..## #>..#
#....# ##...#######.##.#
#..).........##.##
#................#
#.....#########...
#.....# #.... ##...##
#....


You could see an orc warrior.

Vanquished Creatures
  The ghost of jejorda2 the Slasher, an average HEGl (D:3)
  A soldier ant (D:6)
  2 ogres
  A sky beast (D:6)
  The ghost of LiquidPain the Poker, an average MfSk (D:4)
  A giant frog (D:6)
  2 scorpions
  3 crimson imps
  2 hounds
  2 iguanas
  An orc priest (D:5)
  3 worker ants
  A worker ant zombie (D:6)
  6 adders
  2 gnolls
  A shadow imp (D:5)
  3 oozes
  3 adder skeletons
  5 worms
  3 giant geckos
  7 orcs
  13 bats
  7 giant cockroaches
  10 goblins
  10 hobgoblins
  10 kobolds
  2 quokkas
  A ball python (D:2)
  4 giant newts
  A jackal skeleton (D:4)
  A quokka skeleton (D:5)
  12 rats
122 creatures vanquished.

Vanquished Creatures (collateral kills)
  A hydra (D:6)
  Grinder (D:3)
  Sigmund (D:2)
  A centaur (D:5)
  An orc priest (D:5)
  Crazy Yiuf (D:2)
  2 gnolls (D:3)
  An orc (D:5)
9 creatures vanquished.

Vanquished Creatures (others)
  A soul eater (D:6)
  A sun demon (D:5)
  2 ice devils
  A sixfirhy (D:6)
  A crimson imp (D:2)
  An iron imp (D:3)
  2 white imps
  2 ufetubi
  A fungus (D:4)
12 creatures vanquished.

Grand Total: 143 creatures vanquished

Notes
Turn   | Place    | Note
--------------------------------------------------------------
     0 | D:1      | tizzy, the Demonspawn Gladiator, began the quest for the Orb.
     0 | D:1      | Reached XP level 1. HP: 16/16 MP: 1/1
    53 | D:1      | Reached skill level 3 in Axes
    85 | D:1      | Gained mutation: A weak demonic guardian rushes to your aid. [demonic ancestry]
    85 | D:1      | Reached XP level 2. HP: 19/22 MP: 2/2
   615 | D:2      | Gained mutation: You are partially covered in molten scales (AC +1). [demonic ancestry]
   615 | D:2      | Reached XP level 3. HP: 14/27 MP: 3/3
   644 | D:2      | Found a glowing golden altar of the Shining One.
   954 | D:2      | Noticed Sigmund
   970 | D:2      | Killed Sigmund
   970 | D:2      | Reached skill level 5 in Axes
   970 | D:2      | Gained mutation: Your flesh is cold resistant. [demonic ancestry]
   970 | D:2      | Reached XP level 4. HP: 23/33 MP: 4/4
   970 | D:2      | Gained mutation: You have a pair of small antennae on your head. [demonic ancestry]
   970 | D:2      | Reached XP level 5. HP: 26/38 MP: 5/5
  1111 | D:2      | Noticed Crazy Yiuf
  1117 | D:2      | Gained mutation: You can translocate small distances at will. [potion of mutation]
  1117 | D:2      | Gained mutation: You have a pair of antennae on your head. [potion of mutation]
  1117 | D:2      | Gained mutation: You expend magic power (3 MP) to strengthen your wands. [potion of mutation]
  1119 | D:2      | Gained mutation: You have an increased reservoir of magic (+10% MP). [potion of beneficial mutation]
  1119 | D:2      | Killed Crazy Yiuf
  1566 | D:2      | Found an iron altar of Okawaru.
  2073 | D:3      | Reached skill level 6 in Axes
  2120 | D:3      | Noticed Grinder
  2120 | D:3      | Paralysed by Grinder for 4 turns
  2436 | D:3      | Noticed jejorda2's ghost (average HEGl)
  2472 | D:3      | Gained mutation: A demonic guardian rushes to your aid. [demonic ancestry]
  2472 | D:3      | Reached XP level 6. HP: 35/44 MP: 6/6
  2613 | D:3      | Killed jejorda2's ghost
  2840 | D:3      | Killed Grinder
  2840 | D:3      | Reached skill level 7 in Axes
  2840 | D:3      | Reached XP level 7. HP: 50/50 MP: 7/7
  3073 | D:4      | Noticed LiquidPain's ghost (average MfSk)
  3657 | D:5      | Entered Level 5 of the Dungeon
  3788 | D:4      | Killed LiquidPain's ghost
  3788 | D:4      | Reached skill level 8 in Axes
  4129 | D:5      | Found Qocsoybih's Jewellery Shop.
  4154 | D:5      | Bought a cursed amulet of inaccuracy for 22 gold pieces
  4162 | D:5      | Found Olani's Antique Armour Shop.
  4165 | D:5      | Found a staircase to the Ecumenical Temple.
  4187 | Temple   | Entered the Ecumenical Temple
  4266 | Temple   | Became a worshipper of Makhleb the Destroyer
  4720 | D:5      | Gained mutation: You are mostly covered in molten scales (AC +3, EV -1). [demonic ancestry]
  4720 | D:5      | Reached XP level 8. HP: 43/56 MP: 8/8
  4846 | D:5      | Reached skill level 9 in Axes
  5565 | D:6      | HP: 2/56 [poisoned by a soldier ant]
  6288 | D:6      | Found a basalt altar of Yredelemnul.
  6363 | D:6      | Reached skill level 10 in Axes
  6484 | D:6      | Noticed an eight-headed hydra
  6521 | D:6      | Killed an eight-headed hydra
  6521 | D:6      | Acquired Makhleb's first power
  6618 | D:6      | Noticed an angel
  6619 | D:6      | Found a glowing golden altar of the Shining One.
  6621 | D:6      | Found a runed door.
  6709 | D:6      | Found a glowing silver altar of Zin.
  6709 | D:6      | Found a sparkling altar of Nemelex Xobeh.
  6709 | D:6      | Found a shimmering altar of Xom.
  6725 | D:6      | Reached skill level 11 in Axes
  6725 | D:6      | Reached XP level 9. HP: 43/61 MP: 0/9
  6827 | D:5      | HP: 3/61 [orc warrior/glaive of pain (16)]
  6827 | D:5      | HP: 1/61 [orc warrior/glaive of pain (2)]
  6831 | D:5      | Demolished by an orc warrior

Action                   |  1- 3 |  4- 6 |  7- 9 || total
-------------------------+-------+-------+-------++-------
Melee: War axe           |    75 |   135 |   239 ||   449
Throw: Throwing net      |     2 |       |     5 ||     7
Evoke: Wand              |       |       |     6 ||     6
  Use: Potion            |       |     3 |     5 ||     8
       Scroll            |       |       |    16 ||    16
 Stab: Held in net/web   |     1 |       |     2 ||     3
       Distracted        |       |     2 |       ||     2
       Sleeping          |       |       |     5 ||     5
  Eat: Chunk             |       |     2 |     7 ||     9
       Bread ration      |       |     1 |     1 ||     2
